 Dungeon Crawl Stone Soup version 0.30-a0-591-g3c58d2bc28 (webtiles) character file.

Game seed: 5300920610514237956

69 OTABOTABOTAB the Insei (level 4, -4/28 HPs)
             Began as an Octopode Transmuter on Jan 5, 2023.
             Slain by a white imp (5 damage)
             ... on level 3 of the Dungeon.
             The game lasted 00:04:13 (1838 turns).

OTABOTABOTAB the Insei (Octopode Transmuter)        Turns: 1838, Time: 00:04:14

Health: -4/28      AC:  1    Str:  9    XL:     4   Next: 20%
Magic:  7/7        EV: 12    Int: 17    God:
Gold:   99         SH:  5    Dex: 12    Spells: 1/7 levels left

rFire   . . .      SeeInvis .    n - +2 dagger (flame)
rCold   . . .      Faith    .    c - +2 buckler
rNeg    . . .      Spirit   .    (helmet restricted)
rPois   .          Reflect  .    k - amulet of magic regeneration
rElec   .          Harm     .    (no ring)
rCorr   .          Rampage  .    (no ring)
Will    .....                    (no ring)
Stlth   ++                       (no ring)
HPRegen 0.24/turn                (no ring)
MPRegen 0.50/turn                (no ring)
                                 (no ring)
                                 (no ring)

@: no status effects
A: almost no armour, amphibious, 8 rings, camouflage 1, gelatinous body 1,
(nimble swimmer 1), tentacles
a: no special abilities


You were on level 3 of the Dungeon.
You visited 1 branch of the dungeon, and saw 3 of its levels.

You collected 99 gold pieces.

Inventory:

Hand Weapons
 e - a +2 short sword of freezing
   (You found it on level 1 of the Dungeon)
 n - a +2 dagger of flaming (weapon)
   (You took it off a kobold on level 2 of the Dungeon)
Missiles
 s - 25 stones
Armour
 c - a +2 buckler (worn)
   (You found it on level 1 of the Dungeon)
Jewellery
 k - an amulet of magic regeneration (around mantle)
   (You found it on level 2 of the Dungeon)
Scrolls
 a - a scroll of enchant armour {unknown}
 b - a scroll of teleportation {unknown}
 d - a scroll of identify {unknown}
 j - a scroll of magic mapping {unknown}
 l - a scroll of poison {unknown}
 o - a scroll of torment {unknown}
Potions
 f - a potion of attraction {unknown}
 g - 2 potions of curing {unknown}
 h - a potion of haste {unknown}
 i - a potion of berserk rage {unknown}
 m - a potion of degeneration {unknown}
 p - a potion of magic {unknown}
 P - 2 potions of lignification {!q}


   Skills:
 - Level 1.0 Fighting
 - Level 2.0 Dodging
 + Level 3.9 Unarmed Combat
 - Level 2.0 Spellcasting
 + Level 2.6 Transmutations
 - Level 1.0 Ice Magic
 * Level 1.9 Poison Magic


You had one spell level left.
You knew the following spells:

 Your Spells              Type           Power      Damage    Failure   Level
a - Beastly Appendage     Tmut           20%        N/A       9%          1
b - Wereblood             Tmut           10%        N/A       13%         2
c - Spider Form           Tmut/Pois      9%         N/A       30%         3

Your spell library contained the following spells:

 Spells                   Type           Power      Damage    Failure   Level
 Ice Form                 Ice/Tmut       8%         N/A       77%         4


Dungeon Overview and Level Annotations

Branches:
Dungeon (3/15)

Altars:
The Shining One

Shops:
D:2 (*[


Innate Abilities, Weirdness & Mutations

You cannot wear most types of armour.
You are amphibious.
You can wear up to eight rings at the same time.
Your skin changes colour to match your surroundings (Stealth+).
Your rubbery body absorbs attacks. (AC +1, EV +1)
((You are camouflaged when in or above water. (Stealth+)))
You have tentacles for arms and can constrict up to eight enemies at once.


Message History

You kill the endoplasm!
Unknown command.
A hobgoblin zombie comes into view.
A goblin skeleton comes into view.
Your transformation is almost over.
The helpless orc fails to defend itself.
You hit the orc. You burn the orc. You grab the orc. You squeeze the orc.
You kill the orc!
Things that are here:
a +0 hand axe; an orc corpse You hit the goblin skeleton but do no damage.
You grab the goblin skeleton.
You pierce the goblin skeleton.
You constrict the goblin skeleton.
The goblin skeleton completely misses you.
You hit the goblin skeleton. You burn the goblin skeleton.
You destroy the goblin skeleton!
No target in view!
Your tentacle spike disappears.
Health restored: 28 The helpless hobgoblin zombie fails to defend itself.
You hit the hobgoblin zombie. You burn the hobgoblin zombie.
You grab the hobgoblin zombie. You squeeze the hobgoblin zombie.
You destroy the hobgoblin zombie!
No target in view!
An orc skeleton, a white imp and 5 zombies come into view.
Found a fuming dark potion.
Found a glowing golden altar of the Shining One.
The orc skeleton moves out of view.
The white imp shouts!
An orc zombie comes into view.
You hit the kobold zombie. You burn the kobold zombie.
You destroy the kobold zombie!
You barely miss the orc zombie. You grab the orc zombie.
You constrict the orc zombie. The orc zombie completely misses you.
You hit the orc zombie. You burn the orc zombie. You constrict the orc zombie.
You destroy the orc zombie!
No target in view!
No target in view!
Unknown command.
A kobold skeleton comes into view.
You hit the orc skeleton. You burn the orc skeleton. You grab the orc skeleton.
You constrict the orc skeleton.
The hobgoblin zombie hits you but does no damage.
You block the orc skeleton's attack.
You hit the orc skeleton. You burn the orc skeleton.
You destroy the orc skeleton!
The hobgoblin zombie hits you.
You take 3 damage, and have 25/28 hp.
You hit the kobold zombie. You burn the kobold zombie.
You grab the kobold zombie. You constrict the kobold zombie.
The kobold zombie barely misses you. The hobgoblin zombie barely misses you.
You hit the kobold zombie. You burn the kobold zombie.
You destroy the kobold zombie!
You hit the hobgoblin zombie. You burn the hobgoblin zombie.
You grab the hobgoblin zombie. You constrict the hobgoblin zombie.
The hobgoblin zombie hits you.
You hit the hobgoblin zombie. You burn the hobgoblin zombie.
You destroy the hobgoblin zombie!
You hit the kobold skeleton. You burn the kobold skeleton.
You grab the kobold skeleton. You squeeze the kobold skeleton.
You destroy the kobold skeleton!
No target in view!
No target in view!
An orc zombie is nearby!
An orc zombie is nearby!
The white imp shouts, "Back with thee, thou lumpish knotty-pated gonus!"
The orc zombie hits you but does no damage.
You see here 12 gold pieces.
You hit the orc zombie. You burn the orc zombie.
Your grab misses the orc zombie. Your squeeze misses the orc zombie.
The orc zombie misses you.
You hit the orc zombie. You burn the orc zombie.
You destroy the orc zombie!
The white imp gestures at you. The puff of frost hits you!
You take 9 damage, and have 18/28 hp.
MASSIVE DAMAGE!!
The white imp gestures at you. The puff of frost misses you.
The white imp misses you.
You hit the white imp. You burn the white imp. Your grab misses the white imp.
The white imp hits you. The white imp freezes you.
Unknown command.
You take 5 damage, and have 13/28 hp.
You are too injured to fight recklessly!
You are too injured to fight recklessly!
You are too injured to fight recklessly!
Unknown command.
You hit the white imp but do no damage. You grab the white imp.
You constrict the white imp. The white imp hits you. The white imp freezes you.
You take 3 damage, and have 10/28 hp.
You hit the white imp but do no damage. You constrict the white imp.
The white imp hits you.
* * * LOW HITPOINT WARNING * * *
The white imp freezes you.
* * * LOW HITPOINT WARNING * * *
The white imp hits you.
* * * LOW HITPOINT WARNING * * *
The white imp freezes you.
You die...

## .. #..###.#
########## ##.##....
#####........###..#...#.
...........#.#....#.<...
.......$...#.#.#..#..._.
..##..#....#.#.#.?#.#...
.##.+##.#...)....†....<.
#......@#..........#....
#.....5##..........#####
.+..Z.!+................
#.......#.......?.......
##...:.##........^....##
###+.# #..#.#####.##.#
.# #....# #.# .# . .....
#.# . ..# #.


You could see a white imp and a hobgoblin zombie.

Vanquished Creatures
  An adder (D:2)
  An orc (D:3)
  2 ball pythons (D:1)
  4 endoplasms
  5 giant cockroaches
  6 goblins
  7 hobgoblins
  2 quokkas
  2 bats (D:2)
  A goblin skeleton (D:3)
  2 hobgoblin zombies (D:3)
  8 kobolds
  A kobold skeleton (D:3)
  2 kobold zombies (D:3)
  An orc skeleton (D:3)
  2 orc zombies (D:3)
  8 rats
55 creatures vanquished.

Notes
Turn   | Place    | Note
-------+----------+-------------------------------------------
     0 | D:1      | OTABOTABOTAB the Octopode Transmuter began the quest for
                  | the Orb.
     0 | D:1      | Reached XP level 1. HP: 13/13 MP: 3/3
   132 | D:1      | Reached XP level 2. HP: 9/18 MP: 0/5
   387 | D:1      | Reached skill level 1 in Poison Magic
   709 | D:1      | Reached XP level 3. HP: 23/23 MP: 6/6
   713 | D:1      | Reached skill level 1 in Ice Magic
   844 | D:1      | Learned a level 2 spell: Wereblood
   848 | D:1      | Learned a level 3 spell: Spider Form
  1090 | D:2      | Found Zichy's Antique Armour Shoppe.
  1224 | D:2      | Found Raymey's Weapon Shop.
  1423 | D:2      | Reached XP level 4. HP: 27/28 MP: 7/7
  1585 | D:2      | Found Simunax's General Store.
  1773 | D:3      | Found a faded altar of an unknown god.
  1800 | D:3      | Found a glowing golden altar of the Shining One.
  1838 | D:3      | HP: 7/28 [white imp (3)]
  1838 | D:3      | HP: 1/28 [white imp (3)]
  1838 | D:3      | Slain by a white imp

Illustrated notes

Levels and vault maps discovered:
D:1:      roderic_crossed_star, layout_basic
D:2:      layout_basic, serial_shops, nicolae_shop_hallway_plus,
          nicolae_shop_crystal, shop_fountains
D:3:      layout_rooms, nicolae_tso_besieged_by_evil, overflow_temple_1_default,
          lemuel_doored_altar, ebering_ghost_rock_garden,
          nicolae_ecumenical_pavilion, pf_guarded_unrand_woodcutter,
          uniq_sigmund, uniq_natasha, uniq_terence

Skill      XL: |  1  2  3 |
---------------+----------+-----
Poison Magic   | 1 |  1.9
Ice Magic      | 1 |  1.0
Fighting       | |  1.0
Dodging        | |  2.0
Unarmed Combat | |  3.9
Spellcasting   | |  2.0
Transmutations | |  2.6

Action                   |  1- 3 |  4- 6 || total
-------------------------+-------+-------++-------
Melee: Unarmed           |    27 |       ||    27
       Constrict         |    26 |    10 ||    36
       Tentacles         |    16 |     3 ||    19
       Short sword       |    51 |       ||    51
       Kick              |     7 |     3 ||    10
       Dagger            |     6 |    21 ||    27
       Punch             |     1 |       ||     1
Throw: Stone             |    14 |       ||    14
 Cast: Beastly Appendage |     9 |     1 ||    10
 Abil: End Transformatio |     4 |       ||     4
 Stab: Sleeping          |     5 |     2 ||     7
Armor: Skin              |     7 |     2 ||     9
Dodge: Dodged            |    27 |     8 ||    35
Block: Buckler           |    10 |     1 ||    11

Table legend: (Time is in decaauts)
 A = Elapsed time spent in this place.
 B = Non-inter-level travel time spent in this place.
 C = Inter-level travel time spent in this place.
 D = Time resting spent in this place.
 E = Time spent auto-exploring this place.
 F = Levels seen in this place.
 G = Mean time per level.
                   A        B        C        D        E       F      G
               +--------+--------+--------+--------+--------+-----+--------+
         Total |   1841 |   1787 |     54 |     66 |   1347 |   3 |  613.7 |
       Dungeon |   1841 |   1787 |     54 |     66 |   1347 |   3 |  613.7 |
               +--------+--------+--------+--------+--------+-----+--------+

Top non-repeatable levels by time:
     D:2: 921 daAuts
     D:1: 853 daAuts
     D:3: 65 daAuts

Table legend:
 A = Kills in this place as a percentage of kills in entire the game.
 B = Kills by you in this place as a percentage of kills by you in the entire game.
 C = Kills by friends in this place as a percentage of kills by friends in the entire game.
 D = Other kills in this place as a percentage of other kills in the entire game.
 E = Experience gained in this place as a percentage of experience gained in the entire game.
 F = Experience gained in this place divided by the number of levels of this place that you have seen.
                   A       B       C       D       E      F
               +-------+-------+-------+-------+-------+----------------------
         Total | 100.0 | 100.0 |   N/A |   N/A | 100.0 |  33.0
       Dungeon | 100.0 | 100.0 |   N/A |   N/A | 100.0 |  33.0
               +-------+-------+-------+-------+-------+----------------------
